 Dungeon Crawl Stone Soup version 0.21.1-1-g345015f (webtiles) character file.

5306 zhorgal the Magician (level 10, -21/79 HPs)
             Began as a Gnoll Skald on Feb 8, 2018.
             Was a Believer of Cheibriados.
             Demolished by an ogre
             ... wielding a +0 giant spiked club
              (34 damage)
             ... on level 10 of the Dungeon.
             The game lasted 01:01:01 (9949 turns).

zhorgal the Magician (Gnoll Skald)                  Turns: 9949, Time: 01:01:02

Health: -21/79     AC:  7    Str: 19    XL:     10   Next: 64%
Magic:  3/21       EV: 19    Int: 24    God:    Cheibriados [**....]
Gold:   512        SH:  6    Dex: 22    Spells: 0/23 levels left

rFire    . . .     SeeInvis .   a - +1 falchion
rCold    . . .     Gourm    .   M - +0 buckler (curse)
rNeg     . . .     Faith    .   z - +1 robe
rPois    .         Spirit   .   (no helmet)
rElec    .         Reflect  .   v - +1 cloak {MR+}
rCorr    .         Harm     .   i - +0 pair of gloves
MR       +....                  (no boots)
Stlth    ++++......             (no amulet)
HPRegen  0.23/turn              t - ring of stealth
MPRegen  0.17/turn              L - +1 ring of evasion

@: very slow
A: distributed training, fangs 1, strong nose
a: Bend Time, Renounce Religion


You were on level 10 of the Dungeon.
You worshipped Cheibriados.
Cheibriados was pleased with you.
You were hungry.

You visited 2 branches of the dungeon, and saw 11 of its levels.

You collected 512 gold pieces.

Inventory:

Hand Weapons
 a - a +1 falchion (weapon)
 h - a +0 trident
 k - a +1 dagger of draining
 r - a +0 blowgun
 u - a +0 hunting sling
 w - a +0 war axe
 I - a +1 whip of freezing
 N - a +0 war axe
Missiles
 c - 12 tomahawks of dispersal
 f - 172 arrows
 n - 246 stones (quivered)
 s - 56 poisoned needles
Armour
 b - a +0 leather armour
 i - a +0 pair of gloves (worn)
 o - a +0 chain mail
 v - a +1 cloak of magic resistance (worn)
 y - a +0 leather armour of cold resistance
 z - a +1 robe (worn)
 J - a +0 plate armour
 M - a cursed +0 buckler (worn)
 S - a +0 plate armour
Jewellery
 t - a ring of stealth (left hand)
 L - a +1 ring of evasion (right hand)
 R - the ring "Jaist" {rElec SInv, unknown}
   (You found it on level 9 of the Dungeon)

   [ring of see invisible]

   It insulates you from electricity.
   It lets you see invisible.
Wands
 B - a wand of digging (9)
 E - a wand of paralysis (17)
 U - a wand of iceblast (4)
Scrolls
 e - 4 scrolls of teleportation
 l - a scroll of blinking
 m - 2 scrolls of enchant weapon
 q - a scroll of enchant armour
 C - 3 scrolls of remove curse
 G - 4 scrolls of identify {@r1}
Potions
 g - 2 potions of heal wounds
 p - 2 potions of curing
 x - a potion of brilliance
 A - 2 potions of might
 D - a potion of mutation
 F - a potion of ambrosia
 H - a potion of haste
 K - a potion of resistance
 Q - a potion of invisibility
 T - a potion of flight {unknown}
Books
 j - a book of Necromancy

   Spells                             Type                      Level
   a - Pain                           Necromancy                   1
   b - Animate Skeleton               Necromancy                   1
   c - Vampiric Draining              Necromancy                   3
   d - Regeneration                   Charms/Necromancy            3
   e - Animate Dead                   Necromancy                   4
   f - Borgnjor's Vile Clutch         Necromancy/Earth             5
 O - a book of Maledictions

   Spells                             Type                      Level
   a - Corona                         Hexes                        1
   b - Ensorcelled Hibernation        Hexes/Ice                    2
   c - Confuse                        Hexes                        3
   d - Tukima's Dance                 Hexes                        3
   e - Dazzling Spray                 Conjuration/Hexes            3
 P - a book of Misfortune

   Spells                             Type                      Level
   a - Confusing Touch                Hexes                        1
   b - Confuse                        Hexes                        3
   c - Gell's Gravitas                Translocation                3
   d - Petrify                        Transmutation/Earth          4
   e - Metabolic Englaciation         Hexes/Ice                    5
   f - Yara's Violent Unravelling     Hexes/Transmutation          5
Comestibles
 d - 17 rations


   Skills:
 + Level 7.1 Fighting
 + Level 5.3 Short Blades
 + Level 7.1 Long Blades
 + Level 5.3 Axes
 + Level 5.3 Maces & Flails
 + Level 5.3 Polearms
 + Level 5.3 Staves
 + Level 5.3 Slings
 + Level 5.3 Bows
 + Level 5.3 Crossbows
 + Level 5.3 Throwing
 + Level 6.0 Armour
 + Level 7.1 Dodging
 + Level 5.3 Stealth
 + Level 5.3 Shields
 + Level 5.3 Unarmed Combat
 + Level 7.4 Spellcasting
 + Level 4.4 Conjurations
 + Level 4.4 Hexes
 + Level 7.1 Charms
 + Level 4.4 Summonings
 + Level 4.4 Necromancy
 + Level 4.4 Translocations
 + Level 4.4 Transmutations
 + Level 4.4 Fire Magic
 + Level 4.4 Ice Magic
 + Level 4.4 Air Magic
 + Level 4.4 Earth Magic
 + Level 4.4 Poison Magic
 + Level 5.9 Invocations
 + Level 5.3 Evocations


You couldn't memorise any spells.
You knew the following spells:

 Your Spells              Type           Power        Failure   Level  Hunger
a - Infusion              Chrm           ####         1%          1    None
b - Animate Skeleton      Necr           N/A          1%          1    None
c - Shroud of Golubria    Chrm/Tloc      #####.....   1%          2    None
d - Song of Slaying       Chrm           #####...     1%          2    None
e - Borgnjor's Vile Clut  Necr/Erth      ####......   30%         5    #####..
f - Spectral Weapon       Hex/Chrm       #####...     1%          3    None
g - Vampiric Draining     Necr           ####......   3%          3    None
h - Confuse               Hex            ####....     3%          3    None
R - Regeneration          Chrm/Necr      #####.....   1%          3    None


Dungeon Overview and Level Annotations

Branches:
Dungeon (10/15)            Temple (1/1) D:6            Lair (0/6) D:10
    Orc: D:9-12

Altars:
Ashenzari
Cheibriados
Dithmenos
Elyvilon
Fedhas
Gozag
Hepliaklqana
Kikubaaqudgha
Makhleb
Nemelex Xobeh
Okawaru
Qazlal
Ru
Sif Muna
Trog
Uskayaw
Vehumet
Wu Jian
Xom
Yredelemnul
Zin
The Shining One
Beogh

Annotations:
D:8 exclusion: two-headed ogre
D:9 exclusion: two-headed ogre


Innate Abilities, Weirdness & Mutations

Your experience applies equally to all skills.
You have very sharp teeth.
Your uncanny sense of smell can sniff out nearby items.


Message History

The flow of time bends around you.
Cheibriados rebukes your spectral weapon.
Your spectral weapon seems to slow down.
Cheibriados rebukes the ogre.
The ogre seems to slow down.
Cheibriados rebukes the bullfrog.
The bullfrog seems to slow down.
You are feeling hungry.
You block the bullfrog's attack.
You now have 2/21 mp.
You hit the ogre.
Your spectral weapon hits the ogre.
The bullfrog hits you!
* * * LOW HITPOINT WARNING * * *
The ogre misses you.
You take 8 damage, and have 12/79 hp.
You hit the ogre.
Your spectral weapon hits the ogre!
You block the bullfrog's attack.
You slash the ogre!
Your spectral weapon hits the ogre.
You block the bullfrog's attack.
The ogre hits you with a giant spiked club!!
You die...

#................^...
#.##.########........
#....# #........
#..#.# ##.######
##.#.# #.. #...# #..#
#...####### #...
#..>....... ....
##(@#######
#####.OF......
#.............
#...........$.
#.........####
#..........#
#..........#
............#
.............#


You could see an ogre, a bullfrog and a friendly spectral falchion.

Vanquished Creatures
  A two-headed ogre (D:10)
  Pikel (D:8)
  A hippogriff (D:9)
  6 yaks (D:9)
  Duvessa (D:5)
  4 orc warriors
  5 ogres
  The ghost of KeeTraxx the Insei, an amateur DsGl (D:3)
  5 centaurs
  A big kobold (D:7)
  4 bullfrogs
  A gnoll sergeant (D:7)
  A wyvern skeleton (D:10)
  Dowan (D:5)
  A wight (D:7)
  3 howler monkeys
  A bullfrog zombie (D:7)
  2 jellies
  5 orc priests
  5 hounds
  A centaur skeleton (D:5)
  5 iguanas
  6 orc wizards
  4 worker ants
  A hound zombie (D:9)
  3 gnolls (D:3)
  12 adders
  An ooze (D:5)
  An adder zombie (D:9)
  4 worms
  3 dart slugs
  2 leopard geckos
  26 orcs
  8 giant cockroaches
  3 hobgoblins
  15 jackals
  14 kobolds
  2 quokkas
  2 ball pythons
  7 bats
  3 frilled lizards (D:1)
  9 goblins
  A jackal zombie (D:5)
  A leopard gecko skeleton (D:6)
  3 rats
187 creatures vanquished.

Vanquished Creatures (collateral kills)
  A sky beast (D:9)
  2 orc priests (D:9)
  An orc (D:9)
4 creatures vanquished.

Vanquished Creatures (others)
  A jelly (D:8)
  An orc (D:8)
2 creatures vanquished.

Grand Total: 193 creatures vanquished

Notes
Turn   | Place    | Note
-------+----------+-------------------------------------------
     0 | D:1      | zhorgal the Gnoll Skald began the quest for the Orb.
     0 | D:1      | Reached XP level 1. HP: 20/20 MP: 6/6
   226 | D:1      | Reached XP level 2. HP: 26/26 MP: 3/7
  1024 | D:2      | Reached skill level 5 in Spellcasting
  1024 | D:2      | Reached XP level 3. HP: 31/31 MP: 4/9
  1163 | D:2      | Reached skill level 1 in Invocations
  1220 | D:2      | Reached skill level 1 in Short Blades
  1220 | D:2      | Reached skill level 1 in Axes
  1220 | D:2      | Reached skill level 1 in Maces & Flails
  1220 | D:2      | Reached skill level 1 in Polearms
  1220 | D:2      | Reached skill level 1 in Staves
  1220 | D:2      | Reached skill level 1 in Slings
  1220 | D:2      | Reached skill level 1 in Bows
  1220 | D:2      | Reached skill level 1 in Crossbows
  1220 | D:2      | Reached skill level 1 in Throwing
  1220 | D:2      | Reached skill level 1 in Stealth
  1220 | D:2      | Reached skill level 1 in Shields
  1220 | D:2      | Reached skill level 1 in Unarmed Combat
  1220 | D:2      | Reached skill level 1 in Evocations
  1228 | D:2      | Learned a level 3 spell: Spectral Weapon
  1232 | D:2      | Learned a level 3 spell: Regeneration
  1264 | D:2      | Reached XP level 4. HP: 38/38 MP: 6/11
  1271 | D:2      | Found a faded altar of an unknown god.
  1494 | D:2      | Reached skill level 1 in Conjurations
  1494 | D:2      | Reached skill level 1 in Hexes
  1494 | D:2      | Reached skill level 1 in Summonings
  1494 | D:2      | Reached skill level 1 in Necromancy
  1494 | D:2      | Reached skill level 1 in Translocations
  1494 | D:2      | Reached skill level 1 in Transmutations
  1494 | D:2      | Reached skill level 1 in Fire Magic
  1494 | D:2      | Reached skill level 1 in Ice Magic
  1494 | D:2      | Reached skill level 1 in Air Magic
  1494 | D:2      | Reached skill level 1 in Earth Magic
  1494 | D:2      | Reached skill level 1 in Poison Magic
  1926 | D:3      | Reached XP level 5. HP: 23/43 MP: 6/12
  2032 | D:3      | Found a shattered altar of Ashenzari.
  2113 | D:3      | Noticed KeeTraxx's ghost (amateur DsGl)
  2273 | D:3      | Killed KeeTraxx's ghost
  2459 | D:3      | Reached XP level 6. HP: 44/50 MP: 9/13
  3098 | D:3      | Reached skill level 5 in Fighting
  3098 | D:3      | Reached skill level 5 in Long Blades
  3098 | D:3      | Reached skill level 5 in Dodging
  3315 | D:3      | Reached XP level 7. HP: 37/56 MP: 7/15
  3463 | D:4      | HP: 2/56 [orc priest/nerve-wracking pain (14)]
  4138 | D:5      | Entered Level 5 of the Dungeon
  4139 | D:5      | Noticed Duvessa
  4146 | D:5      | Noticed Dowan
  4156 | D:5      | Killed Duvessa
  4156 | D:5      | Reached XP level 8. HP: 63/63 MP: 9/16
  4169 | D:5      | Killed Dowan
  4211 | D:4      | Learned a level 2 spell: Shroud of Golubria
  4214 | D:4      | Learned a level 2 spell: Song of Slaying
  5552 | D:6      | Found a staircase to the Ecumenical Temple.
  5561 | Temple   | Entered the Ecumenical Temple
  5752 | Temple   | Became a worshipper of Cheibriados the Contemplative
  6293 | D:7      | Learned a level 5 spell: Borgnjor's Vile Clutch
  6295 | D:7      | Learned a level 1 spell: Animate Skeleton
  6895 | D:7      | Reached * piety under Cheibriados
  6895 | D:7      | Reached XP level 9. HP: 32/69 MP: 11/18
  7735 | D:8      | Noticed Pikel
  7752 | D:8      | Killed Pikel
  7752 | D:8      | Reached skill level 5 in Armour
  7975 | D:8      | Learned a level 3 spell: Vampiric Draining
  7999 | D:8      | Noticed a two-headed ogre
  8135 | D:8      | Found a hide-covered altar of Uskayaw.
  8566 | D:9      | Reached ** piety under Cheibriados
  8576 | D:9      | Reached skill level 5 in Invocations
  8591 | D:9      | Reached XP level 10. HP: 67/77 MP: 0/20
  8772 | D:9      | Found a roughly hewn altar of Beogh.
  8889 | D:9      | Reached skill level 5 in Short Blades
  8889 | D:9      | Reached skill level 5 in Axes
  8889 | D:9      | Reached skill level 5 in Maces & Flails
  8889 | D:9      | Reached skill level 5 in Polearms
  8889 | D:9      | Reached skill level 5 in Staves
  8889 | D:9      | Reached skill level 5 in Slings
  8889 | D:9      | Reached skill level 5 in Bows
  8889 | D:9      | Reached skill level 5 in Crossbows
  8889 | D:9      | Reached skill level 5 in Throwing
  8889 | D:9      | Reached skill level 5 in Stealth
  8889 | D:9      | Reached skill level 5 in Shields
  8889 | D:9      | Reached skill level 5 in Unarmed Combat
  8889 | D:9      | Reached skill level 5 in Evocations
  8914 | D:9      | Learned a level 3 spell: Confuse
  8990 | D:9      | Got a warped platinum ring
  9391 | D:9      | Noticed a two-headed ogre
  9516 | D:9      | Reached *** piety under Cheibriados
  9862 | D:10     | Entered Level 10 of the Dungeon
  9905 | D:10     | Found a staircase to the Lair.
  9929 | D:10     | Noticed a two-headed ogre
  9944 | D:10     | Killed a two-headed ogre
  9949 | D:10     | Demolished by an ogre

Skill      XL: |  1  2  3  4  5  6  7  8  9 10 |
---------------+-------------------------------+-----
Spellcasting   | 5 6 7 |  7.4
Invocations    | 1 2 3 4 5 |  5.9
Short Blades   | 1 2 3 4 5 |  5.3
Axes           | 1 2 3 4 5 |  5.3
Maces & Flails | 1 2 3 4 5 |  5.3
Polearms       | 1 2 3 4 5 |  5.3
Staves         | 1 2 3 4 5 |  5.3
Slings         | 1 2 3 4 5 |  5.3
Bows           | 1 2 3 4 5 |  5.3
Crossbows      | 1 2 3 4 5 |  5.3
Throwing       | 1 2 3 4 5 |  5.3
Stealth        | 1 2 3 4 5 |  5.3
Shields        | 1 2 3 4 5 |  5.3
Unarmed Combat | 1 2 3 4 5 |  5.3
Evocations     | 1 2 3 4 5 |  5.3
Conjurations   | 1 2 3 4 |  4.4
Hexes          | 1 2 3 4 |  4.4
Summonings     | 1 2 3 4 |  4.4
Necromancy     | 1 2 3 4 |  4.4
Translocations | 1 2 3 4 |  4.4
Transmutations | 1 2 3 4 |  4.4
Fire Magic     | 1 2 3 4 |  4.4
Ice Magic      | 1 2 3 4 |  4.4
Air Magic      | 1 2 3 4 |  4.4
Earth Magic    | 1 2 3 4 |  4.4
Poison Magic   | 1 2 3 4 |  4.4
Armour         | 3 4 5 6 |  6.0
Fighting       | 5 6 7 |  7.1
Long Blades    | 5 6 7 |  7.1
Dodging        | 5 6 7 |  7.1
Charms         | 6 7 |  7.1

Action                   |  1- 3 |  4- 6 |  7- 9 | 10-12 || total
-------------------------+-------+-------+-------+-------++-------
Melee: Falchion          |    66 |   137 |   313 |   141 ||   657
       Bite              |     7 |    19 |    48 |    27 ||   101
Throw: Stone             |       |       |     4 |     1 ||     5
 Cast: Infusion          |     5 |    10 |    27 |     6 ||    48
       Regeneration      |     1 |    21 |    20 |     4 ||    46
       Spectral Weapon   |       |     4 |     5 |     3 ||    12
       Shroud of Golubri |       |       |     3 |       ||     3
       Animate Skeleton  |       |       |     5 |    19 ||    24
       Confuse           |       |       |       |     5 ||     5
       Borgnjor's Vile C |       |       |       |     1 ||     1
Invok: Bend Time         |       |       |       |     3 ||     3
Evoke: Wand              |       |       |     1 |     7 ||     8
  Use: Scroll            |       |     8 |    12 |     2 ||    22
       Potion            |       |     1 |     3 |     2 ||     6
 Stab: Sleeping          |       |       |    10 |     2 ||    12
       Distracted        |       |       |     1 |       ||     1
       Paralysed         |       |       |       |     6 ||     6
       Confused          |       |       |       |     2 ||     2
  Eat: Chunk             |     1 |     9 |    14 |     2 ||    26
       Ration            |       |       |     1 |       ||     1
Armor: Leather armour    |    10 |    19 |    13 |       ||    42
       Robe              |       |       |    31 |    18 ||    49
Dodge: Dodged            |    58 |   115 |   178 |    76 ||   427
Block: Buckler           |       |    11 |    63 |    34 ||   108
       Rpst.: Falchion   |    15 |    39 |    52 |    26 ||   132
